 Dungeon Crawl Stone Soup version 0.31-a0-364-gb59cdcccf2 (webtiles) character file.

Game seed: 15244116893354574096

73 Dirtsage the Ruffian (level 4, 32/32 HPs)
             Began as a Demonspawn Shapeshifter on July 27, 2023.
             Quit the game on level 2 of the Dungeon.
             The game lasted 00:03:34 (1072 turns).

Dirtsage the Ruffian (Demonspawn Shapeshifter)      Turns: 1072, Time: 00:03:34

Health: 32/32      AC:  9    Str: 17    XL:     4   Next: 8%
Magic:  4/4        EV: 11    Int: 10    God:
Gold:   67         SH:  4    Dex: 15    Spells: 3/3 levels left

rFire   . .          .
                       - Unarmed
rCold   . . .        (no shield)
rNeg    . . .        e - +0 ring mail
rPois   .            (helmet currently unavailable)
rElec   .            (cloak currently unavailable)
rCorr   .            (gloves currently unavailable)
SInv    .            (boots currently unavailable)
Will    .....        (no amulet)
Stlth   ++           h - +4 ring of protection
HPRegen 0.25/turn    (no ring)
MPRegen 0.09/turn

%: no passive effects
@: beast-form
A: beast (slay +2), thin skeletal structure 1, condensation shield
a: Begin Untransformation


You were on level 2 of the Dungeon.
You were a hulking beast.
You visited 1 branch of the dungeon, and saw 2 of its levels.

You collected 67 gold pieces.

Inventory:

Missiles
 g - 4 curare-tipped darts
Armour
 a - a +0 animal skin
 e - a +0 ring mail (worn)
Jewellery
 h - a +4 ring of protection (left hand)
Talismans
 c - a beast talisman
 j - a blade talisman
Scrolls
 f - a scroll of poison {unknown}
 i - a scroll of teleportation {unknown}
 l - 3 scrolls of identify {unknown}
 m - a scroll of blinking {unknown}
 q - a scroll of amnesia {unknown}
 r - a scroll of vulnerability {unknown}
Potions
 b - a potion of lignification
 d - 2 potions of mutation {unknown}
 k - a potion of heal wounds {unknown}
 n - a potion of invisibility {unknown}
 o - 2 potions of haste {unknown}
 p - a potion of attraction {unknown}


   Skills:
 - Level 1.0 Fighting
 - Level 1.7 Dodging
 + Level 3.9 Unarmed Combat
 + Level 3.2 Shapeshifting


You had 3 spell levels left.
You didn't know any spells.
Your spell library contained the following spells:

 Spells                   Type           Power      Damage    Failure   Level
 Call Canine Familiar     Summ           0%         N/A       91%         3
 Portal Projectile        Hex/Tloc       0%         N/A       91%         3
 Leda's Liquefaction      Hex/Erth       0%         N/A       100%        4


Dungeon Overview and Level Annotations

Branches:
Dungeon (2/15)

Altars:


Innate Abilities, Weirdness & Mutations

You are a hulking beast.
Your limbs bulge with bestial killing power. (Slay +2)
You have a somewhat thin skeletal structure. (Dex +2, Stealth+)
A meltable shield of frost defends you. (SH +4)


Message History

The adder bites you but does no damage.
You punch the adder!
The adder is severely wounded.
The adder misses you.
You closely miss the adder.
The adder is severely wounded.
You block the adder's attack.
You barely miss the adder.
The adder is severely wounded.
The adder bites you but does no damage. x2
You hit the adder.
The adder is almost dead.
The adder bites you but does no damage.
You barely miss the adder.
The adder is almost dead.
The adder barely misses you.
You barely miss the adder.
The adder is almost dead.
The adder misses you.
You hit the adder.
You kill the adder!
r - a scroll labelled DOECHE SAIM You open the door.
Found a stone staircase leading up.
There is an open door here.
There is a stone staircase leading up here.
An adder comes into view.
The adder hisses angrily.
An adder is nearby!
You closely miss the adder. You block the adder's attack.
You punch the adder!
The adder is almost dead.
The adder closely misses you. You block the adder's attack.
You hit the adder.
You kill the adder!
You have reached level 4!
You feel clever.
Your demonic ancestry asserts itself...
Your bones become slightly less dense.
Health restored: 32; MP restored: 4 Are you sure you want to abandon this character and quit the game? (Confirm with "yes".)

#.##.......#.############
#....~~~.#.#....##......#
#..#.~_~.#.####.........###
#....~~~.....##............
#.##..........+............
#.#####...##.##............
#.# #.#....#####.........
#.# #.##############.....
#.# #.#.h........#.'.....
#. #.#.########.#.#.....
#... #..<#..... ####
#.###..... #.....####
#######


There were no monsters in sight!

Vanquished Creatures
  3 adders (D:2)
  A worm (D:2)
  2 dart slugs (D:1)
  2 ball pythons (D:1)
  6 bats (D:1)
  5 endoplasms
  2 giant cockroaches
  2 goblins (D:1)
  4 hobgoblins
  3 frilled lizards (D:1)
  4 kobolds
  2 rats (D:1)
36 creatures vanquished.

Notes
Turn   | Place    | Note
-------+----------+-------------------------------------------
     0 | D:1      | Dirtsage the Demonspawn Shapeshifter began the quest for
                  | the Orb.
     0 | D:1      | Reached XP level 1. HP: 15/15 MP: 1/1
   115 | D:1      | Gained mutation: A meltable shield of frost defends you.
                  | (SH +4) [demonic ancestry]
   115 | D:1      | Reached XP level 2. HP: 19/21 MP: 2/2
   473 | D:1      | Reached XP level 3. HP: 26/26 MP: 3/3
   941 | D:2      | Found a faded altar of an unknown god.
  1072 | D:2      | Gained mutation: You have a somewhat thin skeletal
                  | structure. (Dex +2, Stealth+) [demonic ancestry]
  1072 | D:2      | Reached XP level 4. HP: 32/32 MP: 4/4
  1072 | D:2      | Quit the game

Illustrated notes

Levels and vault maps discovered:
D:1:      spicycebolla_green_bress_n_ham, layout_loops_ring
D:2:      layout_basic, hellmonk_ecumenical_altar_pennies_from_heaven,
          uniq_natasha

Skill      XL: |  1  2 |
---------------+-------+-----
Unarmed Combat | 3 |  3.9
Shapeshifting  | 3 |  3.2
Fighting       | |  1.0
Dodging        | |  1.7

Action                     |  1- 3 |  4- 6 || total
---------------------------+-------+-------++-------
  Melee: Unarmed           |   110 |       ||   110
         Punch             |     3 |       ||     3
 Armour: Ring mail         |    42 |       ||    42
  Dodge: Dodged            |    50 |       ||    50
  Block: Other             |    23 |       ||    23

Table legend: (Time is in decaauts)
 A = Elapsed time spent in this place.
 B = Non-inter-level travel time spent in this place.
 C = Inter-level travel time spent in this place.
 D = Time resting spent in this place.
 E = Time spent auto-exploring this place.
 F = Levels seen in this place.
 G = Mean time per level.
                   A        B        C        D        E       F      G
               +--------+--------+--------+--------+--------+-----+--------+
         Total |   1068 |   1058 |     10 |      0 |    809 |   2 |  534.0 |
       Dungeon |   1068 |   1058 |     10 |      0 |    809 |   2 |  534.0 |
               +--------+--------+--------+--------+--------+-----+--------+

Top non-repeatable levels by time:
     D:1: 757 daAuts
     D:2: 311 daAuts
